 Dungeon Crawl Stone Soup version 0.24.1-4-ge52af88ad5 (webtiles) character file.

Game seed: 1274504623154304497, levelgen mode: deterministic

338 Gruesph the Insei (level 6, -3/47 HPs)
             Began as a Draconian Transmuter on Apr 16, 2020.
             Was a Believer of Makhleb.
             Slain by a phantom (10 damage)
             ... on level 5 of the Dungeon.
             The game lasted 00:18:29 (4068 turns).

Gruesph the Insei (Draconian Transmuter)            Turns: 4068, Time: 00:18:30

Health: -3/47      AC:  7    Str: 12    XL:     6   Next: 29%
Magic:  6/9        EV: 12    Int: 14    God:    Makhleb [**....]
Gold:   148        SH:  0    Dex: 13    Spells: 3/9 levels left

rFire    . . .     SeeInvis .     - Unarmed
rCold    . . .     Gourm    .   (no shield)
rNeg     . . .     Faith    .   (armour unavailable)
rPois    .         Spirit   .   (helmet restricted)
rElec    .         Reflect  .   (no cloak)
rCorr    .         Harm     .   d - +0 pair of gloves
MR       .....                  (no boots)
Stlth    +.........             (no amulet)
HPRegen  0.15/turn              (no ring)
MPRegen  0.11/turn              (no ring)

@: no status effects
A: unfitting armour, cold-blooded, AC +6
a: Minor Destruction, Renounce Religion


You were on level 5 of the Dungeon.
You worshipped Makhleb.
Makhleb was pleased with you.
You were very hungry.

You visited 1 branch of the dungeon, and saw 6 of its levels.

You collected 148 gold pieces.

Inventory:

Missiles
 a - 4 arrows
 b - 103 stones (quivered)
 m - 21 poisoned darts
Armour
 d - a +0 pair of gloves (worn)
Scrolls
 c - 2 scrolls of remove curse {unknown}
 e - a scroll of fear {unknown}
 h - 4 scrolls of amnesia {unknown}
 i - 3 scrolls of teleportation {unknown}
 j - a scroll of enchant weapon {unknown}
 l - a scroll of fog {unknown}
 p - a scroll of enchant armour {unknown}
 q - a scroll of identify {unknown}
Potions
 g - a potion of berserk rage {unknown}
 k - a potion of cancellation {unknown}
 n - 2 potions of flight {unknown}
 o - a potion of lignification {unknown}
 r - 2 potions of invisibility {unknown}
Comestibles
 f - 7 rations


   Skills:
 - Level 1.1 Fighting
 - Level 1.7 Dodging
 + Level 6.2 Unarmed Combat
 - Level 2.0 Spellcasting
 - Level 3.1 Transmutations
 + Level 2.0 Poison Magic


You had 3 spell levels left.
You knew the following spells:

 Your Spells              Type           Power        Failure   Level  Hunger
a - Beastly Appendage     Tmut           ##....       7%          1    ##.....
b - Sticks to Snakes      Tmut           ##......     10%         2    ###....
c - Spider Form           Tmut/Pois      #.........   24%         3    ####...

Your spell library contained the following spells:

 Spells                   Type           Power        Failure   Level  Hunger
 Ice Form                 Ice/Tmut       #.......     77%         4    #####..
 Blade Hands              Tmut           ##........   88%         5    ######.


Dungeon Overview and Level Annotations

Branches:
Dungeon (6/15)
 Temple: D:4-7

Altars:
Makhleb
Trog
Uskayaw


Innate Abilities, Weirdness & Mutations

Your plain brown scales are hard. (AC +6)
You cannot fit into any form of body armour.
You are cold-blooded and may be slowed by cold attacks.


Message History

The puff of flame misses the phantom.
Press: ? - help, Shift-Dir - straight line, f/p - phantom
Aim: a phantom (severely damaged)
You fail to use your ability.
Press: ? - help, Shift-Dir - straight line, f/p - phantom
Aim: a phantom (severely damaged)
The phantom is unaffected.
The phantom blinks!
Press: ? - help, Shift-Dir - straight line, f/p - phantom
Aim: a phantom (severely damaged)
The phantom is unaffected.
Press: ? - help, Shift-Dir - straight line, f/p - phantom
Aim: a phantom (severely damaged)
The phantom is unaffected.
You closely miss the phantom.
The phantom is severely damaged.
The phantom closely misses you.
You hit the phantom.
The phantom is severely damaged.
The phantom hits you!
You die...

#......# #..(...#
#######......#
.............#
.............#
............>+
.............####+#
########...........
#.@W........
#........(..
#...........
##'######...
#.......# .
#.......# #######'#
###.)# #..>.#


You could see a phantom.

Vanquished Creatures
  An ice beast (D:6)
  An ogre (D:6)
  A howler monkey zombie (D:5)
  A gnoll (D:3)
  4 adders
  A shadow imp (D:3)
  An ooze (D:3)
  2 worms (D:2)
  2 dart slugs (D:3)
  3 leopard geckos
  8 orcs
  3 ball pythons
  3 giant cockroaches (D:3)
  8 goblins
  10 hobgoblins
  2 jackals (D:3)
  9 bats
  2 frilled lizards (D:3)
  7 kobolds
  11 rats
80 creatures vanquished.

Vanquished Creatures (collateral kills)
  2 adders
  An orc (D:3)
  A giant cockroach (D:1)
  A hobgoblin (D:1)
  2 jackals (D:3)
  A rat (D:3)
8 creatures vanquished.

Grand Total: 88 creatures vanquished

Notes
Turn   | Place    | Note
-------+----------+-------------------------------------------
     0 | D:1      | Gruesph the Draconian Transmuter began the quest for the
                  | Orb.
     0 | D:1      | Reached XP level 1. HP: 16/16 MP: 3/3
   368 | D:1      | Reached XP level 2. HP: 17/23 MP: 5/5
   377 | D:1      | Learned a level 2 spell: Sticks to Snakes
   771 | D:2      | Found a hide-covered altar of Uskayaw.
   771 | D:2      | Found a burning altar of Makhleb.
   771 | D:2      | Found a bloodstained altar of Trog.
   791 | D:1      | Reached skill level 4 in Unarmed Combat
   847 | D:2      | Became a worshipper of Makhleb the Destroyer
  1149 | D:2      | Reached XP level 3. HP: 27/28 MP: 6/6
  1154 | D:2      | Learned a level 3 spell: Spider Form
  1489 | D:2      | Reached skill level 1 in Poison Magic
  2054 | D:3      | Reached * piety under Makhleb
  2054 | D:3      | Reached XP level 4. HP: 34/35 MP: 7/7
  3040 | D:3      | Reached skill level 5 in Unarmed Combat
  3240 | D:3      | Reached XP level 5. HP: 40/40 MP: 8/8
  3590 | D:4      | You fall into a shaft and drop 2 floors!
  3688 | D:6      | Noticed an ogre
  3696 | D:6      | Killed an ogre
  3696 | D:6      | Reached ** piety under Makhleb
  3797 | D:6      | Noticed an ice beast
  3841 | D:6      | Killed an ice beast
  3841 | D:6      | Reached skill level 6 in Unarmed Combat
  3841 | D:6      | Reached XP level 6. HP: 35/47 MP: 3/9
  3951 | D:6      | Noticed an orc warrior
  3956 | D:5      | Entered Level 5 of the Dungeon
  4068 | D:5      | Slain by a phantom

Levels and vault maps discovered:
D:1:      evilmike_arrival_grusome_pit, layout_rooms
D:2:      layout_rooms, chequers_temple_overflow_statue_of_worship,
          grunt_ministairs_3
D:3:      minmay_octagon_keep, layout_basic
D:4:      layout_basic, nicolae_overflow_crystal_walls,
          overflow_temple_1_default, uniq_grinder, uniq_sigmund
D:5:      layout_gridville, first_ration, hangedman_decor_peaks_small,
          uniq_menkaure
D:6:      layout_loops_ring, minmay_temple_entry_steel_oval

Skill      XL: |  1  2  3  4  5 |
---------------+----------------+-----
Unarmed Combat | 4 5 6 |  6.2
Poison Magic   | 1 2 |  2.0
Transmutations | 3 |  3.1
Fighting       | |  1.1
Dodging        | |  1.7
Spellcasting   | |  2.0

Action                   |  1- 3 |  4- 6 || total
-------------------------+-------+-------++-------
Melee: Unarmed           |   127 |   203 ||   330
       Tailslap          |    16 |    20 ||    36
       Punch             |       |     1 ||     1
Throw: Stone             |    51 |     2 ||    53
       Dart              |    10 |    14 ||    24
 Cast: Sticks to Snakes  |     2 |     6 ||     8
       Spider Form       |       |     3 ||     3
Invok: Minor Destruction |       |     5 ||     5
 Stab: Distracted        |       |     1 ||     1
  Eat: Chunk             |     4 |     6 ||    10
Armor: Skin              |    40 |    47 ||    87
Dodge: Dodged            |    78 |   127 ||   205
